 Dungeon Crawl Stone Soup version 0.29.1-12-g30fa7ad0bf (webtiles) character file.

Game seed: 5582459811230732100

6057 Rrauwl the Stickfighter (level 10, -7/86 HPs)
             Began as a Minotaur Gladiator on Dec 22, 2022.
             Was an Initiate of Yredelemnul.
             Mangled by a komodo dragon (27 damage)
             ... on level 10 of the Dungeon.
             The game lasted 00:28:12 (7950 turns).

Rrauwl the Stickfighter (Minotaur Gladiator)        Turns: 7950, Time: 00:28:15

Health: -7/86      AC:  9    Str: 19    XL:     10   Next: 57%
Magic:  12/12      EV: 14    Int:  9    God:    Yredelemnul [......]
Gold:   470        SH:  5    Dex: 26    Spells: 9/9 levels left

rFire   . . .      SeeInvis .   a - +1 quarterstaff
rCold   . . .      Faith    .   (shield currently unavailable)
rNeg    . . .      Spirit   .   h - +0 ring mail
rPois   .          Reflect  +   c - +1 hat
rElec   .          Harm     .   (no cloak)
rCorr   .          Rampage  +   (no gloves)
Will    .....                   f - +2 pair of boots {rampage}
Stlth   ++........              j - amulet of reflection
HPRegen 0.24/turn               k - +6 ring of dexterity
MPRegen 0.13/turn               n - +6 ring of dexterity

@: no status effects
A: horns 2, retaliatory headbutt, thin skeletal structure 1
a: Renounce Religion, Recall Undead Harvest


You were on level 10 of the Dungeon.
You worshipped Yredelemnul.
Yredelemnul was noncommittal.
You visited 2 branches of the dungeon, and saw 11 of its levels.

You collected 470 gold pieces.

Inventory:

Hand Weapons
 a - a +1 quarterstaff (weapon)
 E - the +9 great mace "Fiph" {vorpal, rF+}
   (You found it on level 9 of the Dungeon)

   It inflicts extra damage upon your enemies.
   rF:        It protects you from fire.
Missiles
 d - 4 throwing nets
 e - a javelin
 t - 6 curare-tipped darts
 y - 5 atropa-tipped darts (quivered)
 B - 16 boomerangs of dispersal
Armour
 c - a +1 hat (worn)
 f - a +2 pair of boots of rampaging (worn)
 h - a +0 ring mail (worn)
Magical Staves
 w - a staff of air
 A - a staff of air
Jewellery
 j - an amulet of reflection (around neck)
 k - a +6 ring of dexterity (left hand)
 l - a ring of willpower
 n - a +6 ring of dexterity (right hand)
 z - an amulet of the acrobat
Wands
 p - a wand of iceblast (4)
 u - a wand of mindburst (10)
 x - a wand of charming (2)
Scrolls
 b - 5 scrolls of identify
 o - a scroll of magic mapping
 q - 5 scrolls of teleportation
 r - 2 scrolls of enchant armour
 v - a scroll of amnesia
Potions
 g - a potion of attraction
 i - 4 potions of curing
 m - 4 potions of brilliance
 s - a potion of heal wounds
 C - a potion of berserk rage
 D - a potion of cancellation


   Skills:
 - Level 7.0 Fighting
 + Level 16.8 Staves
 - Level 2.0 Throwing
 - Level 2.0 Armour
 - Level 4.0 Dodging
 - Level 4.0 Invocations


You had 9 spell levels left.
You didn't know any spells.
Your spell library contained the following spells:

 Spells                   Type           Power      Damage    Failure   Level
 Apportation              Tloc           0%         N/A       56%         1
 Sting                    Tmut/Pois      0%         1d3       56%         1
 Poisonous Vapours        Pois/Air       0%         N/A       71%         2
 Static Discharge         Conj/Air       0%         3-3/arc   71%         2
 Dazzling Flash           Conj/Hex       0%         N/A       91%         3
 Portal Projectile        Hex/Tloc       0%         N/A       91%         3
 Tukima's Dance           Hex            0%         N/A       91%         3
 Iskenderun's Mystic Bla  Conj/Tloc      0%         2d3       100%        4
 Olgreb's Toxic Radiance  Pois           0%         N/A       100%        4
 Passage of Golubria      Tloc           0%         N/A       100%        4
 Alistair's Intoxication  Tmut/Pois      0%         N/A       100%        5
 Blade Hands              Tmut           0%         N/A       100%        5
 Lightning Bolt           Conj/Air       0%         1d11      100%        5
 Yara's Violent Unravell  Hex/Tmut       0%         3d3       100%        5
 Starburst                Conj/Fire      0%         6d3       100%        6
 Maxwell's Capacitive Co  Air            0%         ∞         100%        8


Dungeon Overview and Level Annotations

Branches:
Dungeon (10/15)            Temple (1/1) D:5
   Lair: D:8-11         Orc: D:9-12

Altars:
Dithmenos
Elyvilon
Kikubaaqudgha
Okawaru
Qazlal
Sif Muna
Wu Jian
Xom
Yredelemnul

Annotations:
D:6 duchin's ghost, novice KoFi


Innate Abilities, Weirdness & Mutations

You have a pair of horns on your head.
You reflexively headbutt those who attack you in melee.
You have a somewhat thin skeletal structure. (Dex +2, Stealth+)


Message History

Partly explored, unvisited transporter.
Partly explored, unvisited transporter.
There is a transporter here.
You enter the transporter and appear at another place.
(D) Dungeon (T) Temple
Where to? (Enter - D:9 @ (x,y), ? - help)
There is a stone staircase leading down here.
You climb downwards.
Found an escape hatch in the floor.
There is a stone staircase leading up here.
A komodo dragon comes into view.
Found a potion of magic.
The komodo dragon hisses angrily.
The komodo dragon bites you!
You sock the komodo dragon! You headbutt the komodo dragon.
The komodo dragon is moderately wounded.
The komodo dragon bites you!
You hit the komodo dragon.
The komodo dragon is heavily wounded.
You hit the komodo dragon.
You headbutt the komodo dragon, but do no damage.
The komodo dragon is heavily wounded.
The komodo dragon bites you!
You thump the komodo dragon!
The komodo dragon is severely wounded.
You hit the komodo dragon.
The komodo dragon is almost dead.
The komodo dragon bites you!!
* * * LOW HITPOINT WARNING * * *
You are too injured to fight recklessly!
You are too injured to fight recklessly!
You are too injured to fight recklessly!
Okay, then.
Aiming: Mindburst
Press: ? - help, Shift-Dir - straight line, f - komodo dragon
Aim: a komodo dragon (almost dead, chance to affect: 47%)
The komodo dragon resists with some effort.
The komodo dragon bites you!!
You die...
Your body rises from the dead as a mindless zombie.

#########
......l.### #
######.@.!#
#.##....#....#####
#.......+.........
##....##.#######
####.....<#.#
#....>...##.#
#+###.#.###.#
#.......#
#####.###


You could see a komodo dragon.

Vanquished Creatures
  Pikel (D:8)
  Joseph (D:7)
  A wraith (D:8)
  A wyvern (D:9)
  A water moccasin (D:6)
  A sky beast (D:7)
  2 black bears
  An orc warrior (D:9)
  A centaur (D:8)
  A phantom (D:5)
  A lemure (D:8)
  2 bullfrogs
  3 kobold brigands (D:9)
  Blork the orc (D:5)
  2 necrophages (D:5)
  A gnoll sergeant (D:7)
  3 scorpions
  8 killer bees
  3 howler monkeys
  4 hounds (D:5)
  A jelly (D:4)
  2 gnoll boudas (D:7)
  3 orc priests
  5 iguanas
  9 orc wizards
  12 gnolls (D:7)
  13 adders
  A gnoll zombie (D:7)
  A shadow imp (D:5)
  A white imp (D:6)
  4 dart slugs
  27 orcs
  6 endoplasms
  A giant cockroach (D:1)
  3 goblins
  9 hobgoblins
  3 quokkas
  7 ball pythons
  6 bats
  3 frilled lizards
  14 kobolds
  10 rats
180 creatures vanquished.

Vanquished Creatures (collateral kills)
  2 two-headed ogres (D:9)
  The ghost of Toxa551 the Thaumaturge, a novice DjFE of Makhleb (D:9)
  A wraith (D:9)
  An acid dragon (D:9)
  A killer bee (D:9)
  3 hounds
  A gnoll (D:7)
  An adder (D:5)
  4 orcs
  2 hobgoblins (D:4)
  A ball python (D:2)
  A bat (D:3)
  A gnoll zombie (D:7)
  5 kobolds (D:9)
25 creatures vanquished.

Vanquished Creatures (others)
  A two-headed ogre (D:9)
  A lemure (D:8)
  A wyvern zombie (D:9)
  3 killer bee zombies (D:9)
  2 howler monkey zombies (D:7)
  An adder zombie (D:6)
  A bat zombie (D:3)
  5 gnoll zombies (D:7)
  A dart slug zombie (D:2)
  8 kobold zombies
  15 orc zombies
  2 quokka zombies (D:3)
  A rat zombie (D:2)
  64 plants
106 creatures vanquished.

Grand Total: 311 creatures vanquished

Notes
Turn   | Place    | Note
-------+----------+-------------------------------------------
     0 | D:1      | Rrauwl the Minotaur Gladiator began the quest for the Orb.
     0 | D:1      | Reached XP level 1. HP: 18/18 MP: 0/0
   182 | D:1      | Found a faded altar of an unknown god.
   187 | D:1      | Prayed at the altar of an unknown god.
   187 | D:1      | Became a worshipper of Yredelemnul the Dark
   187 | D:1      | Reached * piety under Yredelemnul
   239 | D:1      | Reached XP level 2. HP: 25/25 MP: 1/1
   261 | D:1      | Reached skill level 1 in Armour
   456 | D:1      | Reached ** piety under Yredelemnul
   457 | D:1      | Reached skill level 4 in Staves
   772 | D:2      | Reached XP level 3. HP: 28/31 MP: 2/2
  1091 | D:2      | Learned a level 1 spell: Apportation
  1452 | D:3      | Reached XP level 4. HP: 38/38 MP: 3/3
  1535 | D:3      | Reached skill level 5 in Staves
  1535 | D:3      | Reached XP level 5. HP: 11/46 MP: 4/4
  1876 | D:3      | Identified the +1 leather armour of Wu Jian's Condemnation
                  | {Drain rElec rF++ rN+}
  1881 | D:3      | Identified the +0 robe of the Marlin {Str-5 Int+6 Slay+6}
  2435 | D:4      | Reached skill level 5 in Fighting
  2435 | D:4      | Reached XP level 6. HP: 50/56 MP: 5/5
  2575 | D:4      | Reached skill level 6 in Staves
  2865 | D:4      | Reached *** piety under Yredelemnul
  2929 | D:4      | Found a white marble altar of Elyvilon.
  2930 | D:4      | Found an ornate altar of the Wu Jian Council.
  2931 | D:4      | Found an iron altar of Okawaru.
  2932 | D:4      | Found a shadowy altar of Dithmenos.
  3278 | D:5      | Entered Level 5 of the Dungeon
  3324 | D:5      | Reached XP level 7. HP: 63/63 MP: 6/6
  3330 | D:5      | Reached skill level 7 in Staves
  3356 | D:5      | Noticed Blork the orc
  3362 | D:5      | Killed Blork the orc
  3366 | D:5      | Gained mutation: You have a somewhat thin skeletal
                  | structure. (Dex +2, Stealth+) [potion of mutation]
  3399 | D:5      | Found a staircase to the Ecumenical Temple.
  3416 | Temple   | Entered the Ecumenical Temple
  3442 | D:5      | Reached skill level 1 in Invocations
  3750 | D:5      | Reached skill level 8 in Staves
  4015 | D:5      | Reached XP level 8. HP: 68/73 MP: 8/8
  4082 | D:5      | Reached skill level 9 in Staves
  4671 | D:6      | Identified the +1 kite shield "Puozxacw" {Rampage Dex+4}
  4704 | D:6      | Noticed duchin's ghost (novice KoFi)
  4783 | D:6      | You fall into a shaft and drop 1 floor!
  4924 | D:7      | Reached skill level 10 in Staves
  5074 | D:7      | Reached skill level 11 in Staves
  5258 | D:7      | Noticed Joseph
  5270 | D:7      | Killed Joseph
  5271 | D:7      | Reached XP level 9. HP: 70/79 MP: 11/11
  5426 | D:7      | Reached skill level 12 in Staves
  6242 | D:8      | Reached skill level 13 in Staves
  6416 | D:8      | Noticed Pikel
  6436 | D:8      | Killed Pikel
  6639 | D:9      | Reached skill level 14 in Staves
  6813 | D:9      | Noticed Toxa551's ghost (novice DjFE)
  6814 | D:9      | Found a transporter.
  6818 | D:9      | Noticed a two-headed ogre
  6819 | D:9      | Found a transporter.
  6821 | D:9      | Identified the +9 great mace "Fiph" {vorpal, rF+}
  6821 | D:9      | Identified the +4 giant club "Tinwauti" {spect, rF+ rC+}
  6821 | D:9      | Noticed a two-headed ogre
  7053 | D:9      | Reached XP level 10. HP: 76/86 MP: 12/12
  7109 | D:9      | Reached skill level 15 in Staves
  7120 | D:9      | Found a shimmering blue altar of Sif Muna.
  7263 | D:9      | Noticed a two-headed ogre
  7493 | D:9      | Reached **** piety under Yredelemnul
  7880 | D:9      | Killed Toxa551's ghost
  7883 | D:9      | Killed a two-headed ogre
  7884 | D:9      | Reached skill level 16 in Staves
  7887 | D:9      | Killed a two-headed ogre
  7930 | D:10     | Entered Level 10 of the Dungeon
  7950 | D:10     | Mangled by a komodo dragon

Illustrated notes

Levels and vault maps discovered:
D:1:      roderic_crop_circles_arrival_small, layout_loops_ring,
          ebering_ecumenical_altar_webs, chequers_serial_rivers_micro_a,
          corexii_leaking_fountain, minmay_misc_feat_more_columns
D:2:      layout_basic, grunt_ministairs_1, corner_web_ring, nrook_loot_triangle
D:3:      layout_basic
D:4:      layout_gridville, mainiacjoe_overflow_alcove_3
D:5:      minmay_octagon_keep, layout_rooms, minmay_temple_entry_sparse_star,
          uniq_blork_the_orc
D:6:      layout_loops_corners, gammafunk_ghost_gnarly_gnolls,
          hangedman_decor_push
D:7:      corexii_shack_village, layout_rooms, chequers_mini_garden, uniq_joseph
D:8:      layout_loops_ring, uniq_pikel
D:9:      layout_small_grid, kennysheep_orc_sif_temple, gammafunk_ghost_smash,
          minmay_unpleasant_kobolds
D:10:     layout_basic, mainiacjoe_overflow_24_doors
Temple:   lightli_temple_of_artemis

Skill      XL: |  1  2  3  4  5  6  7  8  9 10 |
---------------+-------------------------------+-----
Armour         | 1 2 |  2.0
Staves         | 4 5 6 8 11 14 16 | 16.8
Fighting       | 3 4 5 6 7 |  7.0
Dodging        | 4 |  4.0
Invocations    | 2 4 |  4.0
Throwing       | |  2.0

Action                   |  1- 3 |  4- 6 |  7- 9 | 10-12 || total
-------------------------+-------+-------+-------+-------++-------
Melee: Quarterstaff      |    91 |    81 |   271 |    38 ||   481
       Headbutt          |    13 |     7 |    40 |    10 ||    70
Throw: Dart              |       |       |     9 |       ||     9
       Throwing net      |       |       |     1 |       ||     1
Invok: Recall Undead Har |       |       |       |     1 ||     1
Evoke: Wand              |       |       |    10 |     6 ||    16
  Use: Potion            |     6 |     3 |     3 |     2 ||    14
       Scroll            |     4 |     4 |     4 |       ||    12
 Stab: Distracted        |       |     2 |     1 |       ||     3
       Sleeping          |       |       |    12 |       ||    12
Armor: Ring mail         |    35 |    20 |    68 |     6 ||   129
       Leather armour    |     5 |       |       |       ||     5
Dodge: Dodged            |    43 |    38 |   131 |     7 ||   219
Block: Other             |     3 |    21 |    41 |     1 ||    66
       Reflection        |       |     1 |     2 |       ||     3
